 Dungeon Sprint DCSS version 0.26-a0-652-gafc20e3620 (webtiles) character file.

Game seed: 7384178636521316135

299 sahdkjhfkaj the Cleaver (level 6, 0/58 HPs)
             Began as a Ghoul Gladiator on Oct 1, 2020.
             Was a Believer of Makhleb.
             Slain by a +1 vorpal flail (3 damage)
             ... in the Dungeon (Sprint V: "Ziggurat Sprint").
             The game lasted 00:00:54 (118 turns).

sahdkjhfkaj the Cleaver (Ghoul Gladiator)            Turns: 118, Time: 00:00:55

Health: 0/58       AC: 28    Str: 32    XL:     6   Next: 36%
Magic:  5/5        EV: 10    Int:  3    God:    Makhleb [**....]
Gold:   0          SH:  0    Dex: 10    Spells: 5/5 levels left

rFire    . . .     SeeInvis .   a - +5 executioner's axe
rCold    + . .     Faith    .   (shield currently unavailable)
rNeg     + + +     Spirit   .   E - +15 Maxwell's patent armour {-Cast -Tele rElec MR+ rCorr}
rPois    ∞         Reflect  .   c - +0 helmet
rElec    +         Harm     .   (no cloak)
rCorr    +         Rampage  .   (no gloves)
MR       +....     NoTele   +   (no boots) Stlth ..........NoCast +
                                (no amulet)
HPRegen  0.00/turn              z - +6 ring of strength
MPRegen  0.09/turn              A - +6 ring of strength

@: mighty
A: rotting body, claws 1, cold resistance 1, negative energy resistance 3,
inhibited regeneration, torment resistance, unbreathing
a: Minor Destruction, Renounce Religion


You were in the Dungeon.
You worshipped Makhleb.
Makhleb was pleased with you.
You visited 1 branch

Inventory:

Hand Weapons
 a - a +5 executioner's axe (weapon)
Missiles
 d - 3 throwing nets (quivered)
Armour
 c - a +0 helmet (worn)
 E - the +15 Maxwell's patent armour (worn) {-Cast -Tele rElec MR+ rCorr}
   (You found it in the Dungeon)

   It insulates you from electricity.
   It affects your resistance to hostile enchantments.
   It prevents spellcasting.
   It prevents most forms of teleportation.
   It provides partial protection from all sources of acid and corrosion.
Jewellery
 u - an uncursed ring of flight
 v - a +6 ring of dexterity
 w - a +6 ring of dexterity
 x - a +6 ring of intelligence
 y - a +6 ring of intelligence
 z - a +6 ring of strength (left claw)
 A - a +6 ring of strength (right claw)
Wands
 B - a wand of disintegration (7)
 C - a wand of iceblast (7)
 D - a wand of acid (7)
Scrolls
 i - 4 scrolls of blinking
 p - 4 scrolls of amnesia
 q - 7 scrolls of fog
 r - 5 scrolls of identify
 s - 5 scrolls of remove curse
 t - 2 scrolls of fear
Potions
 e - 10 potions of curing
 f - 10 potions of heal wounds
 g - 6 potions of haste
 h - 7 potions of magic
 j - 2 potions of brilliance
 k - 2 potions of invisibility
 l - 4 potions of resistance
 m - a potion of experience
 n - 5 potions of stabbing
 o - 4 potions of might


   Skills:
 + Level 6.6 Fighting
 * Level 8.0 Axes
 - Level 1.7 Throwing
 + Level 5.0 Armour
 + Level 5.9 Dodging


You had 5 spell levels left.
You didn't know any spells.
Your spell library was empty.

Dungeon Overview and Level Annotations

Branches:
Dungeon (1/1)

Altars:
Ashenzari
Cheibriados
Dithmenos
Elyvilon
Fedhas
Gozag
Hepliaklqana
Kikubaaqudgha
Makhleb
Nemelex Xobeh
Okawaru
Qazlal
Ru
Sif Muna
Trog
Uskayaw
Vehumet
Wu Jian
Xom
Yredelemnul
Zin
The Shining One
Beogh
Jiyva
Lugonu

Annotations:
D 1 transporter


Innate Abilities, Weirdness & Mutations

Your body is rotting away.
You thrive by killing the living.
You are immune to poison.
You have sharp fingernails.
Your flesh is cold resistant. (rC+)
You are immune to negative energy. (rN+++)
You do not regenerate when monsters are visible.
You are immune to unholy pain and torment.
You can survive without breathing.


Message History

Your Fighting skill increases to level 6!
Your Axes skill gained 2 levels and is now at level 8!
Your Armour skill gained 2 levels and is now at level 5!
Your Dodging skill increases to level 5!
You have reached level 6!
Your experience leads to an increase in your attributes!
Your base attributes are Str 19, Int 3, Dex 10.
Increase (S)trength, (I)ntelligence, or (D)exterity?
You feel stronger.
Your Maxwell's patent armour prevents you from hitting the ice devil.
You slice the deep elf mage!! The +1 vorpal flail hits you!
* * * LOW HITPOINT WARNING * * *
The ice devil hits you.
* * * LOW HITPOINT WARNING * * *
The ice devil freezes you! You resist.
* * * LOW HITPOINT WARNING * * *
The deep elf mage mumbles some strange words.
The deep elf mage hits you but does no damage.
The +1 vorpal flail hits you.
You die...

▓▓▓▓▓▓▓▓▓▓▓▓▓▓▓▓▓▓▓
▓.8©8.▓.8©8.▓.8©8.▓
▓.}:[.▓.|}[.▓.....▓
▓..=..▓.....▓.[.[.▓
▓..e..▓.....▓.†...▓
▓44.(.▓..††.▓.....▓
▓.e@..▓.....▓..©..▓
▓..©..▓..©..▓▓▓▓▓▓▓
▓▓▓▓▓▓▓▓▓▓▓▓▓


You could see an ice devil (summoned), a rust devil (summoned), 2 deep elf magi
and a +1 vorpal flail.

Vanquished Creatures
  A water elemental (D)
  A porcupine (D)
  An iguana (D)
  2 river rats (D)
  A jackal (D)
6 creatures vanquished.

Notes
Turn   | Place    | Note
-------+----------+-------------------------------------------
     0 | D        | sahdkjhfkaj the Ghoul Gladiator began the quest for the
                  | Orb.
     0 | D        | Reached XP level 1. HP: 17/17 MP: 0/0
     0 | D        | Found a shimmering blue altar of Sif Muna.
     0 | D        | Found a sacrificial altar of Ru.
     0 | D        | Found a bloodstained altar of Trog.
     0 | D        | Found a stormy altar of Qazlal.
     0 | D        | Found an iron altar of Okawaru.
     0 | D        | Found a sparkling altar of Nemelex Xobeh.
     0 | D        | Found a blossoming altar of Fedhas.
     1 | D        | Found the +6 Majin-Bo {vamp, MP+6 Int+6}
     1 | D        | Found the +9 heavy crossbow "Sniper" {vorpal, Acc+∞ SInv}
     1 | D        | Found the +10 dark maul {vorpal}
     1 | D        | Found the +15 Maxwell's patent armour {-Cast -Tele rElec
                  | MR+ rCorr}
     1 | D        | Found the +18 shield of the Gong {rElec rN+ MR+ EV-5}
     1 | D        | Found the cursed +14 obsidian axe {vorpal, +Fly SInv
                  | *Curse}
     1 | D        | Found the +7 great mace "Firestarter" {inner flame, rF++}
     1 | D        | Found the +6 shillelagh "Devastator" {shatter}
     1 | D        | Found the +11 plutonium sword {*Contam Stlth-}
     1 | D        | Found the +8 lance "Wyrmbane" {slay drac, rPois rF+ rC+
                  | AC+3}
     1 | D        | Found the +9 sword of Zonguldrok {reap}
     1 | D        | Found the cursed +13 scythe of Curses {drain, *Curse}
     1 | D        | Found the +0 sword of Power
     1 | D        | Found the +7 mace of Variability {chain chaos}
     1 | D        | Found the +7 Singing Sword {vorpal, sonic wave}
     1 | D        | Found the +8 storm bow {elec, penet}
     2 | D        | Found a transporter.
     2 | D        | Found an ancient bone altar of Kikubaaqudgha.
     2 | D        | Found a viscous altar of Jiyva.
     2 | D        | Found a corrupted altar of Lugonu.
     2 | D        | Found a hazy altar of Hepliaklqana.
     2 | D        | Found a burning altar of Makhleb.
     2 | D        | Found an opulent altar of Gozag.
    56 | D        | Became a worshipper of Makhleb the Destroyer
    72 | D        | Entered arena 2.
    72 | D        | Found a transporter.
    77 | D        | Reached skill level 3 in Axes
    77 | D        | Reached skill level 1 in Armour
    77 | D        | Reached XP level 2. HP: 25/25 MP: 1/1
    78 | D        | Reached skill level 4 in Axes
    83 | D        | Entered arena 3.
    83 | D        | Noticed a porcupine
    83 | D        | Found a transporter.
    88 | D        | Reached * piety under Makhleb
    88 | D        | Reached XP level 3. HP: 21/33 MP: 2/2
    89 | D        | Killed a porcupine
    89 | D        | Reached skill level 5 in Fighting
    89 | D        | Reached skill level 6 in Axes
    89 | D        | Reached XP level 4. HP: 34/42 MP: 3/3
    89 | D        | Reached XP level 5. HP: 39/48 MP: 4/4
   113 | D        | Entered arena 4.
   113 | D        | Noticed a +1 vorpal flail
   113 | D        | Noticed a water elemental
   113 | D        | Noticed a deep elf mage
   113 | D        | Noticed a deep elf mage
   113 | D        | Found a transporter.
   114 | D        | Noticed an ice devil
   118 | D        | Killed a water elemental
   118 | D        | Reached ** piety under Makhleb
   118 | D        | Reached skill level 8 in Axes
   118 | D        | Reached skill level 5 in Armour
   118 | D        | Reached skill level 5 in Dodging
   118 | D        | Reached XP level 6. HP: 32/58 MP: 5/5
   118 | D        | Slain by a +1 vorpal flail

Illustrated notes

Levels and vault maps discovered:
D:        sprint_v [room_start, room_1, room_2, room_3, room_4, room_5, room_6,
          room_7, room_8, room_9, room_10, room_11, room_12, room_13, room_14,
          room_15, room_16, room_17, room_18, room_19, room_20, room_21,
          room_22, room_23, room_24, room_25, room_26, room_27]

Skill      XL: |  1  2  3  4  5 |
---------------+----------------+-----
Axes           | 3 4 6 8 |  8.0
Armour         | 1 2 3 5 |  5.0
Dodging        | 3 4 5 |  5.9
Fighting       | 3 5 6 |  6.6
Throwing       | |  1.7

Action                   |  1- 3 |  4- 6 || total
-------------------------+-------+-------++-------
Melee: Executioner's axe |    10 |     3 ||    13
  Use: Potion            |       |     1 ||     1
Armor: Plate armour      |    26 |     8 ||    34
Dodge: Dodged            |    13 |     6 ||    19

Table legend: (Time is in decaauts)
 A = Elapsed time spent in this place.
 B = Non-inter-level travel time spent in this place.
 C = Inter-level travel time spent in this place.
 D = Time resting spent in this place.
 E = Time spent auto-exploring this place.
 F = Levels seen in this place.
 G = Mean time per level.
                   A        B        C        D        E       F      G
               +--------+--------+--------+--------+--------+-----+--------+
         Total |    126 |    126 |      0 |     19 |     21 |   1 |  126.0 |
       Dungeon |    126 |    126 |      0 |     19 |     21 |   1 |  126.0 |
               +--------+--------+--------+--------+--------+-----+--------+

Top non-repeatable levels by time:
       D: 126 daAuts
